 Dungeon Crawl Stone Soup version 0.29-a0-541-gaf1fc19f1b (webtiles) character file.

Game seed: 3491977043366311558

333 siradein the Grave Robber (level 6, -2/41 HPs)
             Began as a Demonspawn Necromancer on June 2, 2022.
             Slain by Sigmund
             ... wielding a +1 scythe of freezing
              (15 damage)
             ... on level 4 of the Dungeon on June 3, 2022.
             The game lasted 00:12:56 (3662 turns).

siradein the Grave Robber (Demonspawn Necromancer)  Turns: 3662, Time: 00:12:57

Health: -2/41      AC: 17    Str:  8    XL:     6   Next: 27%
Magic:  8/11       EV: 13    Int: 20    God:
Gold:   84         SH:  8    Dex: 17    Spells: 7/11 levels left

rFire   . . .      SeeInvis .   n - +2 dagger (drain)
rCold   + . .      Faith    .   l - +0 buckler
rNeg    . . .      Spirit   .   D - +0 robe {Will+}
rPois   .          Reflect  .   d - +0 helmet
rElec   .          Harm     .   x - +0 cloak
rCorr   .          Rampage  .   j - +0 pair of gloves of Woafeh {Will+ Dex+3}
Will    ++...                   (no boots)
Stlth   +++.......              (no amulet)
HPRegen 0.13/turn               u - ring of protection from cold
MPRegen 0.12/turn               v - +4 ring of protection

@: no status effects
A: icemail 2, powered by pain 1, big brain 1, condensation shield
a: no special abilities


You were on level 4 of the Dungeon.
You visited 1 branch of the dungeon, and saw 4 of its levels.

You collected 84 gold pieces.

Inventory:

Hand Weapons
 n - a +2 dagger of draining (weapon)
Armour
 d - a +0 helmet (worn)
 j - the +0 pair of gloves of Woafeh (worn) {Will+ Dex+3}
   (You found it on level 2 of the Dungeon)

   Dex:       It affects your dexterity (+3).
   Will:      It increases your willpower.
 l - a +0 buckler (worn)
 x - a +0 cloak (worn)
 D - a +0 robe of willpower (worn)
Jewellery
 t - an amulet of faith
 u - a ring of protection from cold (left hand)
 v - a +4 ring of protection (right hand)
 A - a ring of protection from cold
Wands
 y - a wand of acid (10)
Scrolls
 g - a scroll of noise {unknown}
 i - a scroll of fear {unknown}
 m - a scroll of enchant weapon {unknown}
 q - a scroll of identify {unknown}
 r - a scroll of brand weapon {unknown}
 s - a scroll of teleportation
 w - a scroll of poison {unknown}
Potions
 a - a potion of might {unknown}
 b - 4 potions of magic
 c - a potion of curing {unknown}
 e - a potion of invisibility {unknown}
 f - 3 potions of heal wounds {unknown}
 h - 2 potions of mutation {unknown}
 k - a potion of ambrosia {unknown}
 o - a potion of brilliance {unknown}
 p - a potion of lignification {unknown}
 z - a potion of degeneration {unknown}
 B - a potion of resistance {unknown}
 C - a potion of haste {unknown}


   Skills:
 + Level 3.3 Dodging
 + Level 3.6 Stealth
 + Level 3.4 Spellcasting
 + Level 5.6 Necromancy


You had 7 spell levels left.
You knew the following spells:

 Your Spells              Type           Power      Damage    Failure   Level
a - Necrotize             Necr           100%       1d9       1%          1
b - Vampiric Draining     Necr           26%        2d7       5%          3

Your spell library contained the following spells:

 Spells                   Type           Power      Damage    Failure   Level
 Animate Dead             Necr           26%        N/A       19%         4
 Agony                    Necr           26%        N/A       45%         5
 Gell's Gravitas          Tloc           3%         N/A       50%         3
 Lesser Beckoning         Tloc           3%         N/A       50%         3
 Teleport Other           Tloc           3%         N/A       50%         3


Dungeon Overview and Level Annotations

Branches:
Dungeon (4/15)
 Temple: D:4-7

Altars:
Ashenzari
Dithmenos
Fedhas

Annotations:
D:4 Menkaure, Sigmund


Innate Abilities, Weirdness & Mutations

A meltable icy envelope protects you from harm. (AC +8)
You sometimes gain a little power by taking damage.
You have an unusually large brain. (Int +2)
A meltable shield of frost defends you. (SH +4)


Message History

Press: ? - help, Shift-Dir - straight line, f/p - hound
Aim: a hound (heavily wounded, heavily drained)
You draw life force from the hound.
You feel life coursing into your body. You block the hound's attack.
The hound writhes in agony!
You kill the hound!
The dead are walking!
Something hits you but does no damage.
You hear some strange, mumbled words.
Something tries to affect you, but you resist.
Casting: Necrotize (safe; 1% risk of failure)
Confirm with . or Enter, or press ? or * to list all spells.
Aiming: Necrotize (safe; 1% risk of failure)
Press: ? - help, Shift-Dir - straight line Something writhes in agony.
Something hits you! Something freezes you.
Casting: Necrotize (safe; 1% risk of failure)
Confirm with . or Enter, or press ? or * to list all spells.
You can't see any susceptible monsters within range! (Use Z to cast anyway.) Unknown command.
Casting: Necrotize (safe; 1% risk of failure)
Confirm with . or Enter, or press ? or * to list all spells.
Aiming: Vampiric Draining (dangerous; 5% risk of failure)
Press: ? - help, Shift-Dir - straight line You draw life force from something.
You feel life coursing into your body.
Casting: Vampiric Draining (dangerous; 5% risk of failure)
Confirm with . or Enter, or press ? or * to list all spells.
Aiming: Vampiric Draining (dangerous; 5% risk of failure)
Press: ? - help, Shift-Dir - straight line You draw life force from something.
You feel life coursing into your body. Something hits you!
* * * LOW HITPOINT WARNING * * *
You focus on the pain.
You feel your power returning. Something freezes you.
* * * LOW HITPOINT WARNING * * *
Casting: Vampiric Draining (dangerous; 5% risk of failure)
Confirm with . or Enter, or press ? or * to list all spells.
Aiming: Vampiric Draining (dangerous; 5% risk of failure)
Press: ? - help, Shift-Dir - straight line You draw life force from something.
You feel life coursing into your body. Something hits you!
You die...

. #.###...### #.......
...... #.........# #..##...
.... #.####......# #...#...
..@..#...........# #.#.#...
.....####...#....# #.#.....
....... #...#....# #.......
....... #...#....# #.....#.
.......##.Z.#.######.#.....
.........{@.#.....##.###.##
####.#####..#.###.......>..
###..#.############.
.....##.....#.....#.
###....###.#.#...#.
#.......#..#.....#†
#.##..#.#.####..##. #
####.#.####..##.
.#.......##.


You could see a friendly hound skeleton.

Vanquished Creatures
  A sky beast (D:4)
  Blork the orc (D:3)
  A hound (D:4)
  An iguana (D:4)
  6 adders
  2 dart slugs (D:2)
  6 bats
  3 endoplasms
  3 giant cockroaches
  5 hobgoblins
  8 ball pythons
  2 frilled lizards
  7 goblins
  7 kobolds
  7 rats
60 creatures vanquished.

Vanquished Creatures (collateral kills)
  2 endoplasms (D:1)
  A quokka (D:1)
  A frilled lizard (D:3)
  2 goblins
  A rat (D:2)
7 creatures vanquished.

Vanquished Creatures (others)
  4 plants (D:1)
  4 withered plants (D:1)
8 creatures vanquished.

Grand Total: 75 creatures vanquished

Notes
Turn   | Place    | Note
-------+----------+-------------------------------------------
     0 | D:1      | siradein the Demonspawn Necromancer began the quest for the
                  | Orb.
     0 | D:1      | Reached XP level 1. HP: 13/13 MP: 3/3
   279 | D:1      | Gained mutation: A meltable shield of frost defends you.
                  | (SH +4) [demonic ancestry]
   279 | D:1      | Reached XP level 2. HP: 10/19 MP: 0/5
   565 | D:1      | Found a faded altar of an unknown god.
   883 | D:1      | Gained mutation: You sometimes gain a little power by
                  | taking damage. [demonic ancestry]
   883 | D:1      | Reached XP level 3. HP: 24/24 MP: 3/6
  1187 | D:1      | Upgraded the game from 0.29-a0-529-gfa20dd96a1 to
                  | 0.29-a0-541-gaf1fc19f1b
  1226 | D:2      | Identified the +0 pair of gloves of Woafeh {Will+ Dex+3}
  2228 | D:2      | Learned a level 3 spell: Vampiric Draining
  2373 | D:3      | Found a broken altar of Ashenzari.
  2420 | D:3      | Gained mutation: A meltable icy envelope protects you from
                  | harm. (AC +8) [demonic ancestry]
  2420 | D:3      | Reached XP level 4. HP: 30/30 MP: 3/7
  2493 | D:3      | Found a blossoming altar of Fedhas.
  2834 | D:3      | Reached skill level 5 in Necromancy
  3057 | D:3      | Found a shadowy altar of Dithmenos.
  3163 | D:4      | Noticed Menkaure
  3181 | D:4      | Noticed Blork the orc
  3217 | D:3      | Killed Blork the orc
  3218 | D:3      | Gained mutation: A meltable icy envelope protects you from
                  | harm. (AC +8) [demonic ancestry]
  3218 | D:3      | Reached XP level 5. HP: 15/35 MP: 1/9
  3538 | D:4      | Noticed a sky beast
  3552 | D:4      | Killed a sky beast
  3553 | D:4      | Gained mutation: You have an unusually large brain. (Int
                  | +2) [demonic ancestry]
  3553 | D:4      | Reached XP level 6. HP: 38/41 MP: 8/11
  3641 | D:4      | Noticed Sigmund
  3662 | D:4      | Slain by Sigmund

Illustrated notes

Levels and vault maps discovered:
D:1:      dpeg_arrival_rhombus, layout_basic,
          shapermc_ecumenical_altar_flowoftime
D:2:      layout_basic, serial_rivers, chequers_serial_rivers_small_a,
          chequers_serial_rivers_room_b, chequers_serial_rivers_marsh,
          chequers_serial_rivers_marsh, chequers_serial_rivers_large_a,
          chequers_serial_rivers_large_b
D:3:      layout_basic, old_standard_altar, mainiacjoe_overflow_six_doors_small,
          mainiacjoe_overflow_alcove_4
D:4:      layout_basic, tgw_kikubaaqudgha, chequers_serial_rivers_small_3,
          nicolae_grassy_gnolls, uniq_blork_the_orc, uniq_menkaure, uniq_sigmund

Skill      XL: |  1  2  3  4 |
---------------+-------------+-----
Stealth        | 2 3 |  3.6
Dodging        | 2 3 |  3.3
Necromancy     | 5 |  5.6
Spellcasting   | 3 |  3.4

Action                   |  1- 3 |  4- 6 || total
-------------------------+-------+-------++-------
Melee: Unarmed           |     2 |       ||     2
       Short sword       |     5 |       ||     5
       Dagger            |     3 |    30 ||    33
 Cast: Necrotize         |    73 |    44 ||   117
       Vampiric Draining |       |     6 ||     6
  Use: Scroll            |       |     1 ||     1
Armor: Robe              |     4 |    25 ||    29
Dodge: Dodged            |     8 |    16 ||    24
Block: Other             |     1 |       ||     1
       Buckler           |       |    21 ||    21

Table legend: (Time is in decaauts)
 A = Elapsed time spent in this place.
 B = Non-inter-level travel time spent in this place.
 C = Inter-level travel time spent in this place.
 D = Time resting spent in this place.
 E = Time spent auto-exploring this place.
 F = Levels seen in this place.
 G = Mean time per level.
                   A        B        C        D        E       F      G
               +--------+--------+--------+--------+--------+-----+--------+
         Total |   3714 |   3654 |     60 |    217 |   2899 |   4 |  928.5 |
       Dungeon |   3714 |   3654 |     60 |    217 |   2899 |   4 |  928.5 |
               +--------+--------+--------+--------+--------+-----+--------+

Top non-repeatable levels by time:
     D:1: 1200 daAuts
     D:2: 1096 daAuts
     D:3: 1089 daAuts
     D:4: 328 daAuts
